[ AOE2 MATCH · #506106559 ]
UnrankedEthiopians vs Celts
Player's team · LOSS
Rival team · WIN
[ REPLAY ANALYSIS · EXTRACTED FROM THE RECORDED GAME ]
Feudal
9:18
Castle
—
Imperial
—
| APM avg | 61.8 |
| APM peak | 105 |
| eAPM avg | 26.8 |
| Villagers / military | 55 / 23 |
Focus
⚔️ 39.5% · 🌾 60.5%
Archer ×21 · Scout Cavalry ×2
Feudal
9:03
Castle
23:44
Imperial
—
| APM avg | 59.8 |
| APM peak | 92 |
| eAPM avg | 17.4 |
| Villagers / military | 47 / 33 |
Focus
⚔️ 35.2% · 🌾 64.8%
Skirmisher ×17 · Knight ×7 · Militia ×5 · Mangonel ×2 · Monk ×1 · Archer ×1
Match map
Initial resources + every placement click. Lines = walls · curves = elevation contours. ◆ gold · ⬟ stone · ● berries · ✦ relic · ◌ wall gap
Your base· Open — unwalled flank
Nameless's base· Open — unwalled flank
Smoothed initial terrain · ◌ = detected wall gap · hover for details
Inputs per minute
— catorce - - Nameless
Build order — catorce
149 actions detected in the replay
| 0:00 | Queue | Villager (Male) |
| 0:00 | Queue | Villager (Male) |
| 0:01 | Queue | Villager (Male) |
| 0:01 | Queue | Villager (Male) |
| 0:02 | Build | House |
| 0:04 | Build | House |
| 1:29 | Queue | Villager (Male) |
| 1:59 | Build | Lumber Camp |
| 2:02 | Queue | Villager (Male) |
| 2:02 | Queue | Villager (Male) |
| 2:19 | Queue | Villager (Male) |
| 2:46 | Queue | Villager (Male) |
| 2:46 | Queue | Villager (Male) |
| 3:08 | Queue | Villager (Male) |
| 3:44 | Queue | Villager (Male) |
| 3:52 | Build | House |
| 4:06 | Queue | Villager (Male) |
| 4:26 | Build | Mill |
| 4:29 | Queue | Villager (Male) |
| 4:48 | Queue | Villager (Male) |
| 4:49 | Queue | Villager (Male) |
| 5:11 | Queue | Villager (Male) |
| 5:40 | Queue | Villager (Male) |
| 6:09 | Queue | Villager (Male) |
| 6:26 | Research | Loom |
| 6:57 | Build | Palisade Wall |
| 6:58 | Build | Palisade Wall |
| 6:58 | Build | Palisade Wall |
| 7:08 | Research | Feudal Age |
| 7:25 | Build | Lumber Camp |
| 7:41 | Build | Palisade Wall |
| 7:44 | Build | Palisade Wall |
| 7:45 | Build | Palisade Wall |
| 8:00 | Build | Palisade Wall |
| 8:04 | Build | Palisade Wall |
| 8:05 | Build | Palisade Wall |
| 8:27 | Build | Barracks |
| 8:29 | Build | Palisade Wall |
| 9:02 | Build | Mining Camp |
| 9:06 | Queue | Villager (Male) |
| 9:18 | Age | Feudal Age |
| 9:19 | Research | Wheelbarrow |
| 9:54 | Queue | Villager (Male) |
| 9:58 | Build | House |
| 10:13 | Build | Watch Tower |
| 10:33 | Queue | Villager (Male) |
| 10:47 | Build | Archery Range |
| 11:05 | Queue | Villager (Male) |
| 11:21 | Research | Double-Bit Axe |
| 11:22 | Queue | Villager (Male) |
| 11:25 | Build | Palisade Wall |
| 11:31 | Queue | Villager (Male) |
| 11:46 | Queue | Villager (Male) |
| 11:51 | Build | House |
| 11:53 | Queue | Archer |
| 11:56 | Queue | Villager (Male) |
| 12:02 | Build | Farm |
| 12:17 | Queue | Archer |
| 12:41 | Build | House |
| 12:42 | Build | House |
| 12:47 | Build | Blacksmith |
| 12:50 | Queue | Archer |
| 13:04 | Build | House |
| 13:25 | Queue | Villager (Male) |
| 13:27 | Queue | Archer |
| 13:37 | Queue | Villager (Male) |
| 13:46 | Research | Fletching |
| 14:07 | Build | Farm |
| 14:08 | Build | Farm |
| 14:09 | Build | Farm |
| 14:20 | Queue | Archer |
| 14:20 | Queue | Villager (Male) |
| 14:22 | Queue | Villager (Male) |
| 14:26 | Build | Farm |
| 14:33 | Queue | Archer |
| 15:05 | Queue | Villager (Male) |
| 15:15 | Queue | Archer |
| 15:16 | Queue | Archer |
| 15:43 | Queue | Villager (Male) |
| 15:48 | Build | Farm |
| 15:49 | Build | Farm |
| 15:51 | Build | Farm |
| 15:59 | Queue | Archer |
| 16:22 | Queue | Archer |
| 16:37 | Queue | Villager (Male) |
| 16:39 | Build | Stable |
| 16:55 | Queue | Villager (Male) |
| 16:57 | Build | Farm |
| 16:59 | Build | Farm |
| 16:59 | Build | Farm |
| 17:00 | Build | Farm |
| 17:23 | Build | Farm |
| 17:24 | Queue | Villager (Male) |
| 17:43 | Build | Farm |
| 17:59 | Queue | Villager (Male) |
| 17:59 | Queue | Villager (Male) |
| 18:12 | Queue | Archer |
| 18:19 | Queue | Villager (Male) |
| 18:22 | Build | Market |
| 18:25 | Queue | Scout Cavalry |
| 18:34 | Queue | Archer |
| 18:46 | Queue | Villager (Male) |
| 18:59 | Build | House |
| 18:59 | Queue | Villager (Male) |
| 19:11 | Queue | Villager (Male) |
| 19:11 | Queue | Villager (Male) |
| 19:25 | Queue | Archer |
| 19:50 | Queue | Villager (Male) |
| 20:13 | Queue | Scout Cavalry |
| 20:19 | Build | Farm |
| 20:20 | Build | Farm |
| 20:20 | Build | Farm |
| 20:20 | Build | Farm |
| 20:20 | Build | Farm |
| 20:20 | Build | Farm |
| 20:21 | Build | Farm |
| 20:33 | Build | Mining Camp |
| 20:39 | Queue | Villager (Male) |
| 20:45 | Queue | Villager (Male) |
| 21:13 | Build | Watch Tower |
| 21:25 | Queue | Villager (Male) |
| 21:27 | Build | House |
| 21:28 | Build | House |
| 21:30 | Queue | Villager (Male) |
| 21:58 | Queue | Villager (Male) |
| 22:08 | Build | Watch Tower |
| 22:24 | Queue | Villager (Male) |
| 22:39 | Queue | Villager (Male) |
| 22:49 | Build | Watch Tower |
| 22:53 | Build | Watch Tower |
| 23:15 | Queue | Villager (Male) |
| 23:18 | Queue | Archer |
| 23:19 | Queue | Archer |
| 23:51 | Build | Archery Range |
| 24:23 | Build | Lumber Camp |
| 24:26 | Build | Mining Camp |
| 24:39 | Build | Palisade Wall |
| 24:41 | Build | Palisade Wall |
| 24:47 | Queue | Villager (Male) |
| 24:49 | Build | House |
| 24:51 | Build | House |
| 24:56 | Queue | Archer |
| 24:57 | Queue | Archer |
| 25:20 | Queue | Villager (Male) |
| 25:20 | Queue | Villager (Male) |
| 25:47 | Queue | Archer |
| 26:02 | Queue | Archer |
| 26:03 | Queue | Archer |
| 26:03 | Queue | Archer |
Build order — Nameless
139 actions detected in the replay
| 0:01 | Queue | Villager (Male) ×4 |
| 0:03 | Build | House |
| 0:04 | Build | House |
| 1:30 | Queue | Villager (Male) |
| 1:57 | Queue | Villager (Male) |
| 2:13 | Build | Lumber Camp |
| 2:31 | Queue | Villager (Male) ×2 |
| 3:17 | Queue | Villager (Male) ×2 |
| 3:46 | Queue | Villager (Male) |
| 3:51 | Build | House |
| 3:52 | Build | House |
| 4:06 | Queue | Villager (Male) ×2 |
| 4:06 | Queue | Villager (Male) ×2 |
| 4:30 | Build | Palisade Wall |
| 5:29 | Queue | Villager (Male) |
| 5:32 | Build | Barracks |
| 6:03 | Queue | Villager (Male) |
| 6:03 | Queue | Villager (Male) |
| 6:04 | Research | Loom |
| 6:40 | Research | Feudal Age |
| 6:41 | Queue | Militia |
| 6:41 | Queue | Militia |
| 6:47 | Build | Mining Camp |
| 7:00 | Queue | Militia |
| 7:35 | Queue | Militia |
| 7:59 | Build | Mill |
| 9:01 | Queue | Villager (Male) |
| 9:03 | Age | Feudal Age |
| 9:05 | Research | Man-at-Arms (upgrade) |
| 9:06 | Research | Double-Bit Axe |
| 9:28 | Queue | Villager (Male) |
| 9:40 | Build | Watch Tower |
| 9:47 | Queue | Villager (Male) |
| 9:48 | Queue | Villager (Male) |
| 10:05 | Build | Watch Tower |
| 10:15 | Build | Farm |
| 10:18 | Build | Farm |
| 10:41 | Queue | Villager (Male) |
| 10:45 | Build | House |
| 11:04 | Queue | Villager (Male) |
| 11:09 | Build | Archery Range |
| 11:12 | Build | Farm |
| 11:13 | Build | Farm |
| 11:14 | Build | House |
| 11:47 | Queue | Villager (Male) |
| 11:50 | Build | Farm |
| 11:50 | Build | Farm |
| 11:59 | Queue | Villager (Male) |
| 12:16 | Queue | Skirmisher |
| 12:21 | Build | Outpost |
| 12:24 | Queue | Villager (Male) |
| 12:26 | Queue | Skirmisher |
| 12:26 | Queue | Villager (Male) |
| 12:31 | Build | Farm |
| 12:45 | Build | House |
| 12:47 | Queue | Villager (Male) |
| 12:53 | Build | Mining Camp |
| 13:11 | Queue | Villager (Male) |
| 13:12 | Queue | Skirmisher |
| 13:12 | Queue | Villager (Male) |
| 13:17 | Build | House |
| 13:38 | Queue | Militia |
| 13:58 | Queue | Villager (Male) |
| 14:08 | Queue | Skirmisher |
| 14:08 | Queue | Villager (Male) |
| 14:22 | Build | Watch Tower |
| 14:35 | Queue | Skirmisher |
| 14:35 | Queue | Villager (Male) |
| 14:38 | Build | Farm |
| 14:39 | Build | Farm |
| 14:41 | Build | Farm |
| 15:09 | Queue | Villager (Male) |
| 15:10 | Queue | Skirmisher |
| 15:41 | Queue | Villager (Male) |
| 15:41 | Queue | Skirmisher |
| 15:42 | Queue | Villager (Male) |
| 15:45 | Build | Blacksmith |
| 15:50 | Queue | Skirmisher |
| 15:58 | Queue | Skirmisher |
| 16:12 | Queue | Skirmisher |
| 16:15 | Build | House |
| 16:31 | Queue | Skirmisher |
| 16:47 | Queue | Archer |
| 16:55 | Build | Watch Tower |
| 17:00 | Build | Watch Tower |
| 17:25 | Queue | Villager (Male) |
| 17:25 | Queue | Skirmisher |
| 17:49 | Build | Archery Range |
| 18:01 | Research | Fletching |
| 18:03 | Build | House |
| 18:22 | Queue | Villager (Male) |
| 18:25 | Build | Farm |
| 18:26 | Build | Farm |
| 18:30 | Queue | Villager (Male) |
| 18:53 | Build | Watch Tower |
| 18:59 | Research | Town Watch |
| 19:02 | Build | Outpost |
| 19:07 | Queue | Skirmisher |
| 19:08 | Queue | Skirmisher |
| 19:13 | Queue | Villager (Male) |
| 19:40 | Queue | Villager (Male) |
| 19:51 | Build | House |
| 19:55 | Queue | Skirmisher |
| 20:01 | Build | Palisade Wall |
| 20:03 | Build | Palisade Wall |
| 20:05 | Build | Palisade Wall |
| 20:22 | Build | Market |
| 20:27 | Build | House |
| 20:28 | Build | House |
| 20:39 | Queue | Villager (Male) |
| 20:58 | Build | Watch Tower |
| 21:02 | Research | Castle Age |
| 21:38 | Build | House |
| 21:41 | Queue | Villager (Male) |
| 22:07 | Build | Stable |
| 22:26 | Build | Farm |
| 22:32 | Queue | Skirmisher |
| 22:32 | Queue | Skirmisher |
| 22:48 | Build | Farm |
| 22:51 | Research | Horse Collar |
| 22:58 | Build | Stable |
| 23:10 | Research | Gold Mining |
| 23:21 | Research | Scale Barding Armor |
| 23:21 | Research | Scale Barding Armor |
| 23:44 | Age | Castle Age |
| 23:49 | Queue | Knight |
| 23:49 | Queue | Knight |
| 23:52 | Build | Siege Workshop |
| 24:16 | Queue | Knight |
| 24:16 | Queue | Knight |
| 24:17 | Queue | Villager (Male) |
| 24:33 | Queue | Mangonel |
| 24:38 | Queue | Villager (Male) |
| 24:56 | Build | Monastery |
| 25:51 | Queue | Mangonel |
| 25:52 | Queue | Villager (Male) |
| 26:03 | Queue | Knight ×3 |
| 26:06 | Queue | Monk |
| 26:16 | Build | House |
Match timeline
| 4:30 | Nameless · wall_segment Palisade Wall x3 |
| 5:32 | Nameless · first_building Barracks |
| 6:57 | catorce · wall_segment Palisade Wall x1 |
| 6:58 | catorce · wall_segment Palisade Wall x1 |
| 6:58 | catorce · wall_segment Palisade Wall x1 |
| 7:41 | catorce · wall_segment Palisade Wall x3 |
| 7:44 | catorce · wall_segment Palisade Wall x3 |
| 7:45 | catorce · wall_segment Palisade Wall x1 |
| 8:00 | catorce · wall_segment Palisade Wall x2 |
| 8:04 | catorce · wall_segment Palisade Wall x1 |
| 8:05 | catorce · wall_segment Palisade Wall x3 |
| 8:27 | catorce · first_building Barracks |
| 8:29 | catorce · wall_segment Palisade Wall x1 |
| 9:03 | Nameless · age_up feudal |
| 9:18 | catorce · age_up feudal |
| 10:47 | catorce · first_building Archery Range |
| 11:09 | Nameless · first_building Archery Range |
| 11:25 | catorce · wall_segment Palisade Wall x3 |
| 16:39 | catorce · first_building Stable |
| 20:01 | Nameless · wall_segment Palisade Wall x1 |
| 20:03 | Nameless · wall_segment Palisade Wall x1 |
| 20:05 | Nameless · wall_segment Palisade Wall x1 |
| 21:01 | Nameless · first_market_buy 100 food |
| 21:03 | catorce · first_market_sell 100 wood |
| 21:05 | catorce · first_market_buy 100 food |
| 22:07 | Nameless · first_building Stable |
| 23:44 | Nameless · age_up castle |
| 23:52 | Nameless · first_building Siege Workshop |
| 24:39 | catorce · wall_segment Palisade Wall x3 |
| 24:41 | catorce · wall_segment Palisade Wall x1 |
| 24:56 | Nameless · first_building Monastery |
| 26:26 | catorce · resign |
[ AI ANALYSIS · 1 CREDIT ]
What really happened in this match?
Wolo.gg analyzes every decision: build order, eco, micro, common mistakes by bracket. Personalized analysis on WhatsApp or Discord in 30 seconds.
Civ guide
Ethiopians
Perfil
Jugador #3284705